 Dungeon Crawl Stone Soup version 0.32-a0-131-g9dbbe29261 (webtiles) character file.

Game seed: 12750765639373129547

490 Newt the Skirmisher (level 7, -12/44 HPs)
             Began as a Kobold Hunter on Feb 8, 2024.
             Was an Initiate of Hepliaklqana.
             Mangled by a two-headed ogre
             ... wielding a +0 dire flail
              (21 damage)
             ... on level 5 of the Dungeon.
             The game lasted 00:04:00 (4612 turns).

Newt the Skirmisher (Kobold Hunter)                 Turns: 4612, Time: 00:04:01

Health: -12/44     AC:  6    Str:  8    XL:     7   Next: 36%
Magic:  7/7        EV: 14    Int: 11    God:    Hepliaklqana [......]
Gold:   157        SH:  0    Dex: 20    Spells: 6/6 levels left

rFire   + . .        a - +2 shortbow
rCold   . . .        (shield currently unavailable)
rNeg    . . .        c - +0 leather armour
rPois   .            m - +0 helmet
rElec   .            p - +0 cloak
rCorr   .            (no gloves)
SInv    .            d - +0 pair of boots
Will    .....        (no amulet)
Stlth   ++           q - ring of protection from fire
HPRegen 0.27/turn    (no ring)
MPRegen 0.10/turn

%: no passive effects
@: very slow
A: small, no large weapons, nightstalker 3
a: Renounce Religion


You were on level 5 of the Dungeon.
You worshipped Hepliaklqana.
Hepliaklqana was noncommittal.
You visited 1 branch of the dungeon, and saw 5 of its levels.

You collected 197 gold pieces.
You spent 40 gold pieces at shops.

Inventory:

Hand Weapons
 a - a +2 shortbow (weapon)
Armour
 c - a +0 leather armour (worn)
 d - a +0 pair of boots (worn)
 m - a +0 helmet (worn)
 p - a +0 cloak (worn)
Jewellery
 q - a ring of protection from fire (left hand)
Wands
 g - a wand of charming (8)
Scrolls
 e - a scroll of amnesia
 f - a scroll of fear
 h - 2 scrolls of fog
 i - a scroll of noise
 j - a scroll of teleportation
 r - a scroll of poison
 s - 2 scrolls of immolation {unknown}
 t - a scroll of revelation {unknown}
 u - a scroll of enchant armour {unknown}
Potions
 k - 2 potions of heal wounds {unknown}
 l - a potion of resistance {unknown}
 n - a potion of berserk rage {unknown}
 o - a potion of haste {unknown}


   Skills:
 + Level 5.0 Fighting
 * Level 9.4 Ranged Weapons
 - Level 2.4 Dodging
 - Level 1.3 Stealth


You had 6 spell levels left.
You didn't know any spells.
Your spell library contained the following spells:

 Spells                   Type           Power      Damage    Failure   Level
 Magic Dart               Conj           0%         1d3       45%         1
 Blink                    Tloc           0%         N/A       61%         2
 Call Imp                 Summ           0%         N/A       61%         2
 Tukima's Dance           Hex            0%         N/A       83%         3
 Dimensional Bullseye     Hex/Tloc       0%         N/A       99%         4
 Iskenderun's Mystic Bla  Conj/Tloc      0%         2d3       99%         4


Dungeon Overview and Level Annotations

Branches:
Dungeon (5/15)             Temple (0/1) D:5

Altars:
Ashenzari
Cheibriados
Dithmenos
Hepliaklqana
Nemelex Xobeh
Ru
Sif Muna
Zin
The Shining One

Shops:
D:4 *


Innate Abilities, Weirdness & Mutations

You are small and have problems with some larger weapons.
You are completely attuned to the shadows.


Message History

Unknown command.
Unknown command.
You shoot an arrow. The arrow closely misses the adder.
You feel sick.
Your butterfly disappears in a burst of colours!
The adder completely misses you.
Unknown command.
Unknown command.
You shoot an arrow. The arrow hits the adder.
The adder is moderately wounded.
You feel sick. The adder bites you but does no damage.
Your two-headed ogre barely misses the adder. x2
The adder misses you.
Unknown command.
Unknown command.
You shoot an arrow.
The arrow hits the adder but does no damage.
The adder is moderately wounded.
You feel sick. The adder completely misses you.
Your two-headed ogre completely misses the adder.
Your two-headed ogre closely misses the adder.
Unknown command.
Unknown command.
You shoot an arrow. The arrow closely misses the adder.
You feel sick.
You are no longer poisoned.
Your butterfly disappears in a burst of colours!
The adder bites you.
Unknown command.
Unknown command.
You shoot an arrow. The arrow hits the adder!
You kill the adder!
Unknown command.
Unknown command.
You start resting.
Your butterfly disappears in a burst of colours!
The two-headed ogre is no longer charmed.
The two-headed ogre hits you with a +0 dire flail!
* * * LOW HITPOINT WARNING * * *
The two-headed ogre hits you with a +0 dire flail!!
You die...
Hepliaklqana delivers you to your ancestors.

........ .......
.......
###.....###........
#~~@O~~~~~#........
#~#.....#~#......#
..~.......~.......#
..~.......~...b<..#
..~...>...~.......##
..~.......~.........
.~.......~.......#.
~#.....#~#......#
~~~~~~~~~#......#


You could see a two-headed ogre.

Vanquished Creatures
  2 scorpions
  An orc priest (D:4)
  A hound (D:4)
  2 sleepcaps (D:4)
  Jessica (D:3)
  Ijyb (D:3)
  Robin (D:3)
  6 adders
  3 gnolls (D:3)
  2 dart slugs
  2 ribbon worms
  7 orcs
  13 endoplasms
  4 giant cockroaches
  11 goblins
  15 hobgoblins
  3 jackals
  2 kobolds
  4 quokkas
  4 ball pythons
  7 bats
  8 frilled lizards
  9 rats
109 creatures vanquished.

Notes
Turn   | Place    | Note
-------+----------+-------------------------------------------
     0 | D:1      | Newt the Kobold Hunter began the quest for the Orb.
     0 | D:1      | Reached XP level 1. HP: 12/12 MP: 1/1
   237 | D:1      | Reached XP level 2. HP: 14/18 MP: 2/2
   900 | D:1      | Reached skill level 6 in Ranged Weapons
  1117 | D:1      | Reached XP level 3. HP: 22/22 MP: 3/3
  1588 | D:2      | Reached XP level 4. HP: 28/28 MP: 4/4
  1732 | D:2      | Found a faded altar of an unknown god.
  2142 | D:3      | Noticed Robin
  2156 | D:3      | Killed Robin
  2236 | D:3      | Noticed Ijyb
  2255 | D:3      | Killed Ijyb
  2256 | D:3      | Reached skill level 7 in Ranged Weapons
  2256 | D:3      | Reached XP level 5. HP: 17/32 MP: 5/5
  2407 | D:3      | Noticed Jessica
  2412 | D:3      | Killed Jessica
  2487 | D:3      | Reached XP level 6. HP: 33/38 MP: 6/6
  2488 | D:3      | Reached skill level 8 in Ranged Weapons
  2664 | D:3      | Found a sparkling altar of Nemelex Xobeh.
  2983 | D:3      | Found a shimmering blue altar of Sif Muna.
  2993 | D:3      | Found a shadowy altar of Dithmenos.
  2999 | D:3      | Found a snail-covered altar of Cheibriados.
  3013 | D:3      | Found a glowing silver altar of Zin.
  3018 | D:3      | Found a broken altar of Ashenzari.
  3435 | D:4      | Found a sacrificial altar of Ru.
  3509 | D:4      | Found a hazy altar of Hepliaklqana.
  3543 | D:4      | Became a worshipper of Hepliaklqana the Forgotten
  3714 | D:4      | Found Cibeb's Serpentskin Sales.
  3721 | D:4      | Bought a scroll of poison for 40 gold pieces
  3957 | D:4      | Reached skill level 9 in Ranged Weapons
  3957 | D:4      | Reached XP level 7. HP: 44/44 MP: 7/7
  4003 | D:4      | Found a glowing golden altar of the Shining One.
  4496 | D:5      | Entered Level 5 of the Dungeon
  4518 | D:5      | Reached skill level 5 in Fighting
  4559 | D:5      | Noticed a two-headed ogre
  4587 | D:5      | Found a staircase to the Ecumenical Temple.
  4612 | D:5      | Mangled by a two-headed ogre

Illustrated notes

Levels and vault maps discovered:
D:1:      minmay_arrival_four_loops, layout_basic, serial_co_window_serial,
          co_window_paths_b, co_window_paths_a, co_window_of_opportunity_a,
          co_window_of_opportunity_a, co_window_of_opportunity_a,
          co_window_corner_b, co_window_broadway_b, co_window_2corner,
          co_window_corner_ca, co_window_of_opportunity_b,
          co_window_of_opportunity_c, co_window_4corner_a, co_window_4corner_b,
          glass_columns_b, glass_columns_a
D:2:      layout_loops_cross, shapermc_ecumenical_altar_acropolis,
          minmay_misc_feat_pillars
D:3:      minmay_thinvault, layout_basic, minmay_overflow_temple_star_hex,
          mainiacjoe_overflow_alcove_4, minmay_misc_feat_columns, uniq_jessica,
          uniq_ijyb, uniq_robin
D:4:      cheibrodos_pilgrimage, layout_cave_pools, tso_altar,
          amcnicky_altar_gilded, worldfamousw_hep_ancestral_shrine,
          guppyfry_shop_venom
D:5:      layout_basic, mainiacjoe_overflow_24_doors, marbit_many_paths,
          minmay_temple_entry_water_ring, minmay_hollow_rounded_squares,
          uniq_blork_the_orc, uniq_sigmund

Skill      XL: |  1  2  3  4  5  6  7 |
---------------+----------------------+-----
Ranged Weapons | 6 7 9 |  9.4
Fighting       | 3 4 5 |  5.0
Dodging        | |  2.4
Stealth        | |  1.3

Action                     |  1- 3 |  4- 6 |  7- 9 || total
---------------------------+-------+-------+-------++-------
  Melee: Shortbow          |       |     4 |       ||     4
   Fire: Shortbow          |    76 |   171 |    33 ||   280
  Evoke: Wand              |       |       |     1 ||     1
    Use: Scroll            |       |     7 |     1 ||     8
 Armour: Leather armour    |    13 |    46 |    16 ||    75
  Dodge: Dodged            |    14 |    45 |    17 ||    76

Table legend: (Time is in decaauts)
 A = Elapsed time spent in this place.
 B = Non-inter-level travel time spent in this place.
 C = Inter-level travel time spent in this place.
 D = Time resting spent in this place.
 E = Time spent auto-exploring this place.
 F = Levels seen in this place.
 G = Mean time per level.
                   A        B        C        D        E       F      G
               +--------+--------+--------+--------+--------+-----+--------+
         Total |   4638 |   4388 |    250 |    411 |   3410 |   5 |  927.6 |
       Dungeon |   4638 |   4388 |    250 |    411 |   3410 |   5 |  927.6 |
               +--------+--------+--------+--------+--------+-----+--------+

Top non-repeatable levels by time:
     D:3: 1542 daAuts
     D:1: 1392 daAuts
     D:4: 852 daAuts
     D:2: 735 daAuts
     D:5: 115 daAuts
